 Dungeon Crawl Stone Soup version 0.30.0-30-g96aa6591b8 (webtiles) character file.

Game seed: 11693611871276831980

162 jagang the Trooper (level 5, 0/37 HPs)
             Began as an Octopode Monk on June 29, 2023.
             Slain by an adder (3 damage)
             ... in a sewer.
             The game lasted 00:06:39 (2373 turns).

jagang the Trooper (Octopode Monk)                  Turns: 2373, Time: 00:06:40

Health: 0/37       AC:  1    Str: 10    XL:     5   Next: 43%
Magic:  7/7        EV: 14    Int: 14    God:
Gold:   174        SH:  0    Dex: 15    Spells: 7/7 levels left

rFire   . .          .
                       - Unarmed
rCold   . . .        b - orb {light}
rNeg    . . .        (helmet restricted)
rPois   .            (no amulet)
rElec   .            (no ring)
rCorr   .            (no ring)
SInv    .            (no ring)
Will    .....        (no ring)
Stlth   ++           (no ring)
HPRegen 0.26/turn    (no ring)
MPRegen 0.10/turn    (no ring)
                     (no ring)

%: no passive effects
@: mighty, lethally poisoned (0 -> -4), glowing
A: almost no armour, amphibious, 8 rings, camouflage 1, gelatinous body 1,
nimble swimmer 1, tentacles
a: no special abilities


You were in a sewer.
You visited 1 branch of the dungeon, and saw 3 of its levels.
You also visited: Sewer.

You collected 174 gold pieces.

Inventory:

Armour
 b - an orb of light (worn)
Scrolls
 f - a scroll of vulnerability {unknown}
 g - 3 scrolls of identify {unknown}
Potions
 a - a potion of ambrosia
 c - a potion of might
 d - a potion of degeneration {unknown}
 e - a potion of lignification {unknown}
 h - a potion of attraction {unknown}


   Skills:
 * Level 4.1 Fighting
 * Level 4.1 Dodging
 - Level 1.0 Stealth
 + Level 3.5 Unarmed Combat
 + Level 1.5 Spellcasting


You had 7 spell levels left.
You didn't know any spells.
Your spell library contained the following spells:

 Spells                   Type           Power      Damage    Failure   Level
 Lesser Beckoning         Tloc           2%         N/A       36%         2
 Gell's Gravitas          Tloc           1%         N/A       58%         3
 Teleport Other           Tloc           1%         N/A       58%         3
 Fireball                 Conj/Fire      0%         3d3       100%        5
 Iskenderun's Battlesphe  Conj           1%         2d6       100%        5
 Conjure Ball Lightning   Conj/Air       0%         3x3d6     100%        6
 Orb of Destruction       Conj           0%         9d5       100%        7


Dungeon Overview and Level Annotations

Branches:
Dungeon (3/15)              Sewer (1/1)

Altars:
Xom


Innate Abilities, Weirdness & Mutations

You cannot wear most types of armour.
You are amphibious.
You can wear up to eight rings at the same time.
Your skin changes colour to match your surroundings (Stealth+).
Your rubbery body absorbs attacks. (AC +1, EV +1)
You are camouflaged when in or above water. (Stealth+)
You have tentacles for arms and can constrict up to eight enemies at once.


Message History

The adder misses you.
You closely miss the adder. Your grab misses the adder.
Your tentacle-slap misses the adder.
Your squeeze misses the adder.
The adder is heavily wounded.
The adder bites you. x2
You tentacle-slap the adder. You grab the adder. You tentacle-slap the adder.
The adder is severely wounded.
You constrict the adder. The adder bites you but does no damage.
The adder barely misses you. x2
You tentacle-slap the adder.
You kill the adder!
The adder bites you.
You are poisoned.
The adder poisons you! The adder bites you. The adder attacks as you move away!
The adder misses you.
You feel sick. The adder misses you. x2
You closely miss the adder. Your grab misses the adder.
Your squeeze misses the adder.
You feel sick. The adder closely misses you. The adder bites you.
You tentacle-slap the adder. You grab the adder.
The adder is moderately wounded.
You constrict the adder.
You feel sick. The adder bites you. The adder misses you.
The adder barely misses you.
You release your grip on the adder.
The adder attacks as you move away! The adder bites you.
* * * LOW HITPOINT WARNING * * *
You feel sick. The adder closely misses you.
The adder attacks as you move away! The adder bites you.
* * * LOW HITPOINT WARNING * * *
You are lethally poisoned!
The adder poisons you! The adder attacks as you move away!
The adder misses you.
* * * LOW HITPOINT WARNING * * *
You feel sick. The adder closely misses you. The adder misses you.
You are too injured to fight recklessly!
It was a potion of might.
You feel very mighty all of a sudden.
* * * LOW HITPOINT WARNING * * *
You feel sick. The adder bites you.
You die...

. ..
...######################
.....~≈≈≈S@≈≈≈≈≈≈≈≈~....##
....~~≈~≈S.≈≈≈~≈≈≈~≈.....#
.....~†r~~~≈≈≈~~~~≈~..∩..#
.....~≈~r≈#~~~#~≈~~~..∩..#
#....~≈≈≈≈~≈.~~≈≈≈≈~.....#
###..≈≈≈≈≈≈≈≈≈≈≈≈≈≈~....##
#######################


You could see 2 adders and 2 rats.

Vanquished Creatures
  Jessica (D:3)
  An orc wizard (D:3)
  A river rat (Sewer)
  4 adders
  A worm (D:2)
  A dart slug (D:1)
  2 orcs (D:2)
  3 endoplasms
  7 giant cockroaches
  2 goblins
  4 hobgoblins
  6 quokkas
  6 ball pythons
  5 bats
  2 frilled lizards (D:1)
  4 kobolds
  10 rats
60 creatures vanquished.

Notes
Turn   | Place    | Note
-------+----------+-------------------------------------------
     0 | D:1      | jagang the Octopode Monk began the quest for the Orb.
     0 | D:1      | Reached XP level 1. HP: 16/16 MP: 1/1
   358 | D:1      | Reached XP level 2. HP: 21/21 MP: 2/2
   526 | D:1      | Reached skill level 1 in Stealth
   762 | D:1      | Reached XP level 3. HP: 26/26 MP: 2/4
  1133 | D:2      | Reached skill level 1 in Spellcasting
  1419 | D:2      | Found a shimmering altar of Xom.
  1574 | D:2      | Reached XP level 4. HP: 27/33 MP: 5/5
  1914 | D:3      | Noticed Jessica
  2226 | D:3      | Killed Jessica
  2227 | D:3      | Reached XP level 5. HP: 27/37 MP: 5/7
  2308 | D:3      | Found a glowing drain.
  2333 | Sewer    | Entered a sewer
  2373 | Sewer    | Slain by an adder

Illustrated notes

Levels and vault maps discovered:
D:1:      kilobyte_arrival_exit_the_forest, layout_loops_corners, serial_forest,
          infiniplex_forest_join, infiniplex_forest_straight_2,
          infiniplex_forest_lined_1, infiniplex_forest_zigzag_1,
          infiniplex_forest_clump_long, infiniplex_forest_lined_room_2,
          infiniplex_forest_straight_5, infiniplex_forest_end_1
D:2:      layout_loops_ring, basic_altar
D:3:      layout_rooms, gup_sewer_entry_pipe, kennysheep_decorative_pillar,
          uniq_jessica
Sewer:    sewer_minmay_w

Skill      XL: |  1  2  3  4 |
---------------+-------------+-----
Stealth        | 1 |  1.0
Spellcasting   | 1 |  1.5
Fighting       | 4 |  4.1
Dodging        | 4 |  4.1
Unarmed Combat | |  3.5

Action                     |  1- 3 |  4- 6 || total
---------------------------+-------+-------++-------
  Melee: Unarmed           |    73 |    50 ||   123
         Constrict         |    27 |    17 ||    44
         Tentacles         |    19 |     8 ||    27
         Punch             |     7 |     1 ||     8
    Use: Potion            |       |     1 ||     1
   Stab: Sleeping          |     4 |       ||     4
 Armour: Skin              |     4 |     3 ||     7
  Dodge: Dodged            |    44 |    43 ||    87
